 Dungeon Crawl Stone Soup version 0.28.0-47-ge53b351184 (webtiles) character file.

Game seed: 10098624065503911439

277 NinjaNoafa the Skirmisher (level 6, 0/84 HPs)
             Began as a Draconian Berserker on Apr 28, 2022.
             Was a Believer of Trog.
             Succumbed to an adder's poison
             ... on level 4 of the Dungeon.
             The game lasted 00:04:47 (2905 turns).

NinjaNoafa the Skirmisher (Draconian Berserker)     Turns: 2905, Time: 00:04:48

Health: 0/84       AC: 23    Str: 21    XL:     6   Next: 4%
Magic:  6/6        EV:  2    Int:  7    God:    Trog [**....]
Gold:   188        SH:  0    Dex: 11    Spells: 5/5 levels left

rFire   + . .      SeeInvis .   a - +0 hand axe
rCold   . . .      Faith    .   (no shield)
rNeg    . . .      Spirit   .   (armour unavailable)
rPois   +          Reflect  .   (helmet currently unavailable)
rElec   .          Harm     .   (cloak currently unavailable)
rCorr   .          Rampage  .   (gloves currently unavailable)
Will    .....      NoTele   +   (boots currently unavailable)
Stlth   +.........              (no amulet)
HPRegen 0.24/turn               f - ring of protection from fire
MPRegen 0.10/turn               (no ring)

@: lethally poisoned (0 -> -1), tree-form
A: stationary, stasis, torment immunity, boosted hp, AC +6, unfitting armour,
(cold-blooded)
a: Renounce Religion, Berserk, Trog's Hand


You were on level 4 of the Dungeon.
You worshipped Trog.
Trog was pleased with you.
You were a tree.
You visited 1 branch of the dungeon, and saw 4 of its levels.

You collected 188 gold pieces.

Inventory:

Hand Weapons
 a - a +0 hand axe (weapon)
Missiles
 g - 4 atropa-tipped darts
 h - 8 curare-tipped darts
 j - 3 javelins (quivered)
Jewellery
 f - a ring of protection from fire (left branch)
Wands
 o - a wand of polymorph (2)
Scrolls
 b - a scroll of enchant weapon {unknown}
 d - a scroll of blinking


   Skills:
 * Level 5.3 Fighting
 + Level 4.0 Axes
 * Level 4.4 Dodging


You had 5 spell levels left.
You didn't know any spells.
Your spell library was empty.

Dungeon Overview and Level Annotations

Branches:
Dungeon (4/15)
 Temple: D:4-7

Altars:
Gozag


Innate Abilities, Weirdness & Mutations

You are a tree.
Your roots penetrate the ground, keeping you stationary.
You cannot be teleported.
You are immune to unholy pain and torment.
Your maximum health is greatly increased.
Your equipment is partially melded.
((Your plain brown scales are hard. (AC +6)))
You cannot fit into any form of body armour.
((You are cold-blooded and may be slowed by cold attacks.))


Message History

You throw a javelin. The javelin pierces through the adder.
The adder is heavily wounded.
You feel sick.
The giant cockroach bites you but does no damage.
The orc hits you with a +0 flail! The adder barely misses you.
The orc hits you but does no damage. x2
The giant cockroach closely misses you.
The orc priest calls down the wrath of Beogh upon you.
Beogh smites you! The orc hits you but does no damage. The adder bites you.
* * * LOW HITPOINT WARNING * * *
You are more poisoned.
The adder poisons you!
Okay, then.
Blink to where?
Press: ? - help, Dir - move target, p - adder
As you read the scroll of blinking, it crumbles to dust.
You feel sick.
As you read the scroll of teleportation, it crumbles to dust.
You feel strangely unstable.
You feel sick.
The orc priest mumbles some strange prayers to Beogh against you.
Beogh smites you!
* * * LOW HITPOINT WARNING * * *
* * * LOW HITPOINT WARNING * * *
You feel sick.
* * * LOW HITPOINT WARNING * * *
You feel sick.
Okay, then.
* * * LOW HITPOINT WARNING * * *
You feel sick.
Blink to where?
Press: ? - help, Dir - move target
As you read the scroll of blinking, it crumbles to dust.
Your surroundings suddenly seem different.
Found a stone staircase leading down.
* * * LOW HITPOINT WARNING * * *
You feel sick.
There is a lethal amount of poison in your body!
Really quaff the potion of lignification?
You turn into a tree.
Your roots penetrate the ground.
You die...

..# ..# ..###
######### ....
........# ..#
.......♣# ..#
........# ..#
........#.. ..#
#############(.#
..#
#.........###.#
###
#.............>
#...........###
#...[......#
#.....<...### #.


There were no monsters in sight!

Vanquished Creatures
  A necrophage (D:4)
  2 jellies (D:4)
  7 adders
  A dart slug (D:3)
  An orc (D:4)
  5 endoplasms
  3 giant cockroaches
  3 goblins
  9 hobgoblins
  7 kobolds
  3 quokkas
  9 ball pythons
  3 bats
  4 frilled lizards
  A jackal skeleton (D:4)
  4 rats
63 creatures vanquished.

Vanquished Creatures (others)
  A goblin (D:1)
1 creature vanquished.

Grand Total: 64 creatures vanquished

Notes
Turn   | Place    | Note
-------+----------+-------------------------------------------
     0 | D:1      | NinjaNoafa the Draconian Berserker began the quest for the
                  | Orb.
     0 | D:1      | Reached XP level 1. HP: 19/19 MP: 1/1
   239 | D:1      | Reached XP level 2. HP: 26/26 MP: 2/2
   872 | D:2      | Reached XP level 3. HP: 23/33 MP: 3/3
   998 | D:2      | Found a faded altar of an unknown god.
  1117 | D:2      | Reached skill level 4 in Fighting
  1150 | D:2      | Reached ** piety under Trog
  1694 | D:3      | Reached XP level 4. HP: 40/40 MP: 4/4
  1813 | D:3      | Found an opulent altar of Gozag.
  2422 | D:4      | Noticed a necrophage
  2446 | D:4      | Killed a necrophage
  2447 | D:4      | Reached XP level 5. HP: 34/47 MP: 5/5
  2449 | D:4      | Reached skill level 5 in Fighting
  2672 | D:4      | Reached XP level 6. HP: 56/56 MP: 6/6
  2902 | D:4      | HP: 2/56 [poisoned by an adder]
  2905 | D:4      | Succumbed to an adder's poison

Illustrated notes

Levels and vault maps discovered:
D:1:      scummos_arrival_checkerplants, layout_basic, lemuel_flame_loot_1
D:2:      layout_rooms, hellmonk_ecumenical_altar_leap_of_faith
D:3:      layout_loops_cross, nicolae_gozag_seed_capital
D:4:      layout_rooms

Skill      XL: |  1  2  3  4  5 |
---------------+----------------+-----
Dodging        | 3 4 |  4.4
Fighting       | 4 5 |  5.3
Axes           | 4 |  4.0

Action                   |  1- 3 |  4- 6 || total
-------------------------+-------+-------++-------
Melee: Hand axe          |    92 |    68 ||   160
       Tailslap          |     8 |     8 ||    16
       Punch             |       |     1 ||     1
Throw: Javelin           |     9 |     8 ||    17
Evoke: Wand              |       |     1 ||     1
  Use: Scroll            |       |     8 ||     8
       Potion            |       |     7 ||     7
Armor: Skin              |    31 |    30 ||    61
Dodge: Dodged            |    68 |    78 ||   146
